 Dungeon Crawl Stone Soup version 0.29-a0-824-gd827844252 (webtiles) character file.

Game seed: 618782309104945133

575 coolguy69 the Sneak (level 7, 0/55 HPs)
             Began as a Vine Stalker Monk on July 10, 2022.
             Succumbed to a scorpion's poison
             ... on level 5 of the Dungeon.
             The game lasted 00:03:51 (4417 turns).

coolguy69 the Sneak (Vine Stalker Monk)             Turns: 4417, Time: 00:03:52

Health: 0/55       AC: 23    Str: 16    XL:     7   Next: 35%
Magic:  6/8        EV:  2    Int: 10    God:
Gold:   278        SH:  3    Dex: 16    Spells: 6/6 levels left

rFire   . . .      SeeInvis .   a - +0 short sword
rCold   + . .      Faith    .   B - +0 buckler
rNeg    . . .      Spirit   +   (body armour currently unavailable)
rPois   +          Reflect  .   (helmet currently unavailable)
rElec   .          Harm     .   (cloak currently unavailable)
rCorr   .          Rampage  .   (gloves currently unavailable)
Will    .....      NoTele   +   (boots currently unavailable)
Stlth   +++.......              (no amulet)
HPRegen 0.98/turn               y - ring of protection from cold
MPRegen 0.11/turn               (no ring)

@: lethally poisoned (0 -> -10), tree-form
A: stationary, stasis, torment immunity, boosted hp, (fangs 2), regeneration 1,
magic shield, (antimagic bite), no potion heal 2
a: no special abilities


You were on level 5 of the Dungeon.
You were a tree.
You visited 1 branch of the dungeon, and saw 5 of its levels.

You collected 278 gold pieces.

Inventory:

Hand Weapons
 a - a +0 short sword (weapon)
Armour
 q - a +0 pair of gloves (melded)
 B - a +0 buckler (worn)
 C - a +0 ring mail (melded)
Jewellery
 y - a ring of protection from cold (left branch)
Wands
 w - a wand of mindburst (6)
 z - a wand of flame (30)
Scrolls
 d - 4 scrolls of teleportation {unknown}
 f - a scroll of identify
 g - 2 scrolls of vulnerability {unknown}
 h - a scroll of brand weapon {unknown}
 i - a scroll of noise {unknown}
 k - 2 scrolls of fog {unknown}
 l - 3 scrolls of poison {unknown}
 o - a scroll of blinking
 r - a scroll of silence
 u - 2 scrolls of amnesia {unknown}
 v - a scroll of fear
 A - a scroll of immolation
Potions
 c - a potion of ambrosia
 j - 2 potions of degeneration {unknown}
 m - a potion of haste {unknown}
 n - a potion of magic {unknown}
 p - 3 potions of lignification
 s - 2 potions of berserk rage {unknown}
 t - a potion of invisibility {unknown}
 x - 4 potions of attraction {unknown}


   Skills:
 + Level 3.9 Fighting
 + Level 5.0 Short Blades
 + Level 0.1 Armour
 + Level 3.6 Dodging
 + Level 5.6 Stealth


You had 6 spell levels left.
You didn't know any spells.
Your spell library contained the following spells:

 Spells                   Type           Power      Damage    Failure   Level
 Ignite Poison            Fire/Tmut/Pois 0%         N/A       83%         3
 Mephitic Cloud           Conj/Pois/Air  0%         N/A       83%         3
 Freezing Cloud           Conj/Ice/Air   0%         6-21      100%        5


Dungeon Overview and Level Annotations

Branches:
Dungeon (5/15)
 Temple: D:4-7

Altars:
Makhleb
Okawaru
Xom
Yredelemnul

Shops:
D:1 !   D:2 (


Innate Abilities, Weirdness & Mutations

You are a tree.
Your roots penetrate the ground, keeping you stationary.
You cannot be teleported.
You are immune to unholy pain and torment.
Your maximum health is greatly increased.
Your equipment is partially melded.
((You have extremely sharp teeth.))
Your natural rate of healing is unusually fast.
When hurt, damage is shared between your health and your magic reserves.
((Your bite disrupts and absorbs the magic of your enemies.))
Potions cannot restore your health.


Message History

You are too injured to fight recklessly!
You are too injured to fight recklessly!
You are too injured to fight recklessly!
You are too injured to fight recklessly!
You are too injured to fight recklessly!
You are too injured to fight recklessly!
You are too injured to fight recklessly!
You are too injured to fight recklessly!
You are too injured to fight recklessly!
It was a potion of heal wounds.
That seemed strangely inert.
You feel very sick. The scorpion closely misses you. The scorpion stings you.
You are lethally poisoned!
The scorpion poisons you!
It was a potion of lignification.
You turn into a tree.
Your +0 pair of gloves melds into your body.
Your +0 ring mail melds into your body.
Your roots penetrate the ground.
You feel very sick.
The scorpion stings you but does no damage.
Okay, then.
You hit the scorpion but do no damage.
The scorpion is moderately wounded.
You feel very sick. The scorpion stings you.
* * * LOW HITPOINT WARNING * * *
You are lethally poisoned!
The scorpion poisons you!
You barely miss the scorpion.
The scorpion is moderately wounded.
* * * LOW HITPOINT WARNING * * *
You feel very sick.
The scorpion stings you but does no damage.
You hit the scorpion but do no damage.
The scorpion is moderately wounded.
* * * LOW HITPOINT WARNING * * *
You feel very sick.
The scorpion stings you but does no damage.
You barely miss the scorpion.
The scorpion is moderately wounded.
You die...

.PPPPPPP.........
........................
.P.PPP.P................
.P.....P................
.P.._..P................
.P.....P................
)P.PPP.P................
.................s......
.PPPPPPP........♣.......
........................
........................
........................
........................
...............[........
...)..........$[........
>.......................
.......................


You could see a scorpion.

Vanquished Creatures
  Menkaure (D:4)
  A black bear (D:4)
  An ogre (D:5)
  2 crimson imps (D:4)
  A hound (D:5)
  A river rat (D:3)
  7 adders
  3 worms
  A dart slug (D:2)
  8 orcs
  10 ball pythons
  7 bats
  10 endoplasms
  4 giant cockroaches
  10 goblins
  7 hobgoblins
  4 jackals (D:1)
  4 kobolds
  3 quokkas
  3 frilled lizards
  6 rats
94 creatures vanquished.

Notes
Turn   | Place    | Note
-------+----------+-------------------------------------------
     0 | D:1      | coolguy69 the Vine Stalker Monk began the quest for the
                  | Orb.
     0 | D:1      | Reached XP level 1. HP: 11/11 MP: 2/2
   211 | D:1      | Reached XP level 2. HP: 10/16 MP: 1/3
   388 | D:1      | Found a faded altar of an unknown god.
   613 | D:1      | Reached XP level 3. HP: 2/20 MP: 1/4
   616 | D:1      | HP: 1/20 [jackal (1)]
  1292 | D:1      | Found Labraoha's Distillery.
  1959 | D:2      | Gained mutation: Your natural rate of healing is unusually
                  | fast. [Vine Stalker growth]
  1959 | D:2      | Reached XP level 4. HP: 24/24 MP: 5/5
  1974 | D:2      | Found Woopuul's Antique Weapon Emporium.
  2046 | D:2      | Found a burning altar of Makhleb.
  2692 | D:3      | Found a basalt altar of Yredelemnul.
  2789 | D:3      | Reached XP level 5. HP: 28/28 MP: 6/6
  3631 | D:4      | Noticed Menkaure
  3634 | D:4      | Killed Menkaure
  3635 | D:4      | Reached XP level 6. HP: 32/32 MP: 7/7
  3772 | D:4      | Found a shimmering altar of Xom.
  3834 | D:4      | Noticed a black bear
  3844 | D:4      | Killed a black bear
  3845 | D:4      | Reached skill level 5 in Stealth
  4041 | D:4      | Reached XP level 7. HP: 37/37 MP: 6/8
  4320 | D:5      | Entered Level 5 of the Dungeon
  4320 | D:5      | Found an iron altar of Okawaru.
  4355 | D:5      | Reached skill level 5 in Short Blades
  4417 | D:5      | Succumbed to a scorpion's poison

Illustrated notes

Levels and vault maps discovered:
D:1:      nzn_arrival_crosshair, layout_basic, chequers_ecumenical_altar_simple,
          serial_shops, nicolae_shop_behind_doors, minmay_misc_feat_nine_boxes,
          chequers_serial_rivers_small_a, st_stairs_2
D:2:      layout_loops_ring, serial_shops, shop, basic_altar
D:3:      layout_loops_ring, mainiacjoe_overflow_chevrons,
          gup_sewer_entry_bubbles, minmay_splitting_lines,
          kennysheep_generic_room_16
D:4:      layout_loops_corners, led_xom_imps, uniq_menkaure
D:5:      layout_layer_cave, mainiacjoe_overflow_cross_hatched,
          minmay_temple_entry_drinking_statues

Skill      XL: |  1  2  3  4  5  6  7 |
---------------+----------------------+-----
Short Blades   | 3 4 5 |  5.0
Fighting       | 3 |  3.9
Stealth        | 3 4 5 |  5.6
Dodging        | 3 |  3.6
Armour         | |  0.1

Action                   |  1- 3 |  4- 6 |  7- 9 || total
-------------------------+-------+-------+-------++-------
Melee: Short sword       |   111 |   171 |    46 ||   328
       Bite              |    30 |    41 |    18 ||    89
       Punch             |     2 |     3 |       ||     5
  Use: Potion            |       |     2 |     2 ||     4
       Scroll            |       |       |     4 ||     4
 Stab: Sleeping          |     7 |    10 |     1 ||    18
Armor: Robe              |    20 |    25 |       ||    45
       Ring mail         |       |       |    22 ||    22
       Skin              |       |       |     3 ||     3
Dodge: Dodged            |    73 |   122 |    37 ||   232
Block: Buckler           |       |       |    10 ||    10

Table legend: (Time is in decaauts)
 A = Elapsed time spent in this place.
 B = Non-inter-level travel time spent in this place.
 C = Inter-level travel time spent in this place.
 D = Time resting spent in this place.
 E = Time spent auto-exploring this place.
 F = Levels seen in this place.
 G = Mean time per level.
                   A        B        C        D        E       F      G
               +--------+--------+--------+--------+--------+-----+--------+
         Total |   4423 |   4266 |    157 |    310 |   3190 |   5 |  884.6 |
       Dungeon |   4423 |   4266 |    157 |    310 |   3190 |   5 |  884.6 |
               +--------+--------+--------+--------+--------+-----+--------+

Top non-repeatable levels by time:
     D:1: 1450 daAuts
     D:2: 1038 daAuts
     D:4: 1012 daAuts
     D:3: 830 daAuts
     D:5: 92 daAuts
